Map: Eternal Empire LE

Players

Kelazhur - Winner!

  • Race: Terran Terran
  • League: Master
  • Spawn Location: 7:00

SpeCial

  • Race: Terran Terran
  • Spawn Location: 1:00

Event: DreamHack SC2 Masters 2020 Fall

VOD

Have the link to the VOD?

Description

Time

  • Played on: Aug. 30, 2020, 3:34 p.m.
  • Length: 15:21

All games in this series

Show
View Real Time Build Order
Export as new Build Order

Kelazhur Terran - Winner!

Build Orders: 1/1/1, Hellion Opening 

Get SALT Encoding   

  12  0:00  SCV  
  13  0:12  SCV  
  14  0:17  Supply Depot  
  14  0:24  SCV  
  15  0:38  SCV  
  15  0:39  Barracks  
  16  0:43  Refinery  
  16  0:50  SCV  
  16  0:52  Refinery  
  17  1:02  SCV  
  18  1:15  SCV  
  19  1:26  Reaper  
  19  1:27  Orbital Command  
  19  1:28  Supply Depot  
  20  1:41  Factory  
  20  1:52  SCV  
  21  1:58  Reaper  
  22  2:05  SCV  
  23  2:17  SCV  
  24  2:26  Command Center  
  24  2:27  Starport  
  24  2:33  Hellion  
  24  2:34  SCV  
  27  2:37  Barracks Reactor  
  27  2:43  Supply Depot  
  27  2:46  SCV  
  28  2:54  Hellion  
  30  2:59  SCV  
  31  3:09  Fusion Core  
  31  3:11  SCV  
  32  3:23  Hellion x2  
  32  3:24  SCV  
  37  3:27  Starport Tech Lab  
  37  3:36  SCV  
  37  3:38  Orbital Command  
  38  3:44  Hellion x2  
  42  3:48  SCV  
  43  4:04  Battlecruiser  
  43  4:09  Supply Depot  
  49  4:14  Hellion  
  49  4:15  Hellion  
  53  4:18  SCV  
  54  4:26  Supply Depot  
  54  4:30  Weapon Refit  
  55  4:32  Refinery  
  55  4:36  Hellion x2  
  58  4:40  SCV  
  58  4:43  SCV  
  60  4:49  Supply Depot  
  60  4:52  SCV  
  61  4:55  SCV  
  61  4:59  Hellion x2  
  66  5:04  SCV  
  67  5:07  SCV  
  68  5:16  SCV  
  68  5:19  SCV, Battlecruiser  
  76  5:28  SCV  
  77  5:32  SCV  
  77  5:34  Supply Depot  
  78  5:36  Supply Depot  
  78  5:40  SCV  
  77  5:44  SCV  
  77  5:52  SCV  
  77  5:55  Command Center  
  77  5:56  Hellion x2, SCV  
  82  6:04  SCV  
  82  6:09  SCV  
  84  6:12  Refinery  
  84  6:14  Factory  
  84  6:15  Factory  
  84  6:18  SCV  
  84  6:24  SCV  
  86  6:30  Hellion x2, SCV  
  91  6:36  SCV  
  90  6:45  Battlecruiser  
  76  6:49  SCV  
  76  6:52  Hellion x2  
  81  6:54  SCV  
  81  7:01  SCV  
  81  7:03  Engineering Bay, Factory Tech Lab  
  81  7:04  Armory, Factory Tech Lab  
  81  7:06  SCV  
  81  7:08  Orbital Command  
  74  7:14  Hellion x2  
  84  7:30  SCV  
  84  7:31  Cyclone  
  84  7:32  Cyclone  
  84  7:33  SCV  
  84  7:35  SCV  
  87  7:42  SCV  
  88  7:45  SCV  
  88  7:47  SCV  
  88  7:49  Hellion x2  
  94  7:54  SCV  
  94  7:55  Missile Turret  
  94  7:57  Missile Turret, SCV  
  96  7:59  Terran Vehicle Weapons Level 1  
  96  8:03  Mag-Field Accelerator  
  96  8:04  Siege Tank x2, Infernal Pre-Igniter  
  96  8:05  SCV  
  103  8:11  SCV  
  94  8:18  SCV  
  89  8:21  SCV  
  89  8:24  Hellion x2  
  89  8:25  SCV  
  89  8:26  Refinery  
  92  8:28  Refinery  
  92  8:32  Factory  
  92  8:36  Factory, SCV  
  93  8:42  Missile Turret  
  93  8:43  Command Center, Missile Turret, Starport Reactor  
  93  8:49  Siege Tank, SCV x2  
  93  8:52  Hellion x2  
  93  8:53  Siege Tank  
  105  9:00  SCV  
  105  9:01  SCV  
  105  9:02  Sensor Tower  
  107  9:04  Missile Turret  
  107  9:05  Missile Turret  
  107  9:07  SCV  
  108  9:13  Supply Depot x2  
  108  9:16  Supply Depot  
  108  9:17  Factory Reactor  
  108  9:31  Hellion  
  106  9:34  Siege Tank  
  106  9:38  Siege Tank x2  
  113  9:42  SCV  
  113  9:45  Hellion  
  111  9:51  SCV  
  112  9:53  Viking x2  
  116  10:02  SCV  
  116  10:06  Siege Tank  
  116  10:13  Siege Tank  
  118  10:16  Hellion x4  
  118  10:17  Hellion  
  118  10:19  SCV  
  121  10:24  Terran Vehicle Weapons Level 2  
  121  10:38  Hellion, Siege Tank  
  121  10:39  Hellion x2, SCV  
  121  10:40  SCV  
  121  10:41  Viking x2  
  136  10:49  SCV  
  137  10:52  SCV  
  137  10:54  SCV  
  139  10:58  Siege Tank x2, Unknown  
  145  11:05  Planetary Fortress, Missile Turret  
  145  11:06  Missile Turret  
  145  11:07  Missile Turret, SCV x2  
  147  11:17  Supply Depot  
  147  11:18  Viking x2  
  151  11:30  Armory, Missile Turret  
  151  11:31  Hellion  
  156  11:33  Siege Tank  
  156  11:39  Siege Tank x2  
  162  11:53  Hellion, Supply Depot  
  164  11:58  Hellion  
  163  12:01  Hellion  
  163  12:04  Hellion  
  163  12:09  Supply Depot  
  163  12:12  Sensor Tower, Supply Depot  
  163  12:13  Supply Depot  
  163  12:14  Missile Turret x2, Siege Tank  
  166  12:23  Hellion x2  
  166  12:24  Command Center, Hellion, Supply Depot  
  172  12:31  Hellion  
  172  12:33  Sensor Tower  
  174  12:37  Terran Vehicle And Ship Armor Level 1  
  174  12:43  Missile Turret  
  174  12:45  Missile Turret x2  
  174  12:46  Missile Turret, Siege Tank  
  174  12:47  Hellion x3  
  183  12:58  Viking x2  
  175  13:00  Hellion  
  177  13:30  Hellion x4  
  177  13:32  Siege Tank x3  
  191  13:39  Command Center  
  185  13:45  SCV x2  
  179  13:59  Hellion x4  
  179  14:01  Viking x2  
  168  14:23  Hellion, Siege Tank x3  
  168  14:24  Hellion x3  
  182  14:29  Starport  
  182  14:30  Starport x2  
  166  14:36  SCV  
  159  14:45  Viking x2  
  163  14:55  SCV x3  
  169  15:07  SCV  
Show
View Real Time Build Order
Export as new Build Order

SpeCial Terran 

Build Orders: Reaper Expand 

Get SALT Encoding   

  12  0:00  SCV  
  13  0:12  SCV  
  14  0:17  Supply Depot  
  14  0:24  SCV  
  15  0:39  SCV  
  15  0:40  Barracks  
  16  0:44  Refinery  
  16  0:51  SCV  
  17  1:03  SCV  
  18  1:15  SCV  
  19  1:27  Orbital Command  
  19  1:28  Reaper  
  20  1:42  Command Center  
  20  1:53  Supply Depot  
  21  1:54  SCV  
  21  2:00  Marine  
  22  2:06  SCV  
  23  2:10  Factory  
  23  2:18  SCV  
  23  2:19  Marine  
  23  2:22  Refinery  
  25  2:30  Bunker  
  25  2:31  SCV  
  25  2:37  Marine  
  26  2:43  SCV  
  28  2:54  Hellion  
  28  2:55  Starport, SCV  
  31  3:01  Barracks Reactor  
  31  3:05  Orbital Command  
  31  3:10  SCV  
  32  3:16  Factory Tech Lab  
  32  3:22  SCV  
  33  3:32  SCV  
  34  3:34  SCV  
  34  3:39  Marine x2  
  34  3:41  Raven, Factory Tech Lab  
  39  3:44  SCV  
  39  3:46  SCV, Supply Depot  
  41  3:55  Command Center  
  41  3:58  SCV  
  41  4:00  SCV  
  43  4:04  Siege Tank  
  43  4:08  Supply Depot  
  43  4:09  Marine  
  47  4:11  Marine  
  47  4:16  SCV x2  
  50  4:28  SCV  
  51  4:32  Barracks, SCV  
  51  4:33  Starport Reactor, Supply Depot  
  51  4:40  Stimpack, SCV, Marine  
  51  4:41  Barracks  
  51  4:45  SCV  
  54  4:52  SCV, Refinery x2  
  55  4:54  Siege Tank  
  55  4:57  SCV  
  55  4:58  Marine  
  60  5:04  SCV  
  61  5:08  Orbital Command  
  61  5:09  SCV  
  62  5:16  Viking, SCV, Marine  
  62  5:21  Viking, Marine x2  
  66  5:28  SCV x2  
  69  5:34  Marine  
  71  5:42  Engineering Bay  
  71  5:43  Marine x2  
  71  5:45  Engineering Bay, Combat Shield, Marauder  
  74  5:50  Medivac  
  74  5:51  SCV x2  
  74  5:52  Marauder  
  74  5:54  Orbital Command  
  79  6:02  Medivac  
  79  6:03  SCV x2  
  83  6:05  Marine x2  
  85  6:12  Terran Infantry Weapons Level 1  
  85  6:17  Barracks x2  
  85  6:20  SCV x2  
  84  6:26  SCV  
  85  6:36  Marine x2  
  85  6:37  Marauder  
  85  6:38  Marauder  
  81  6:45  SCV  
  81  6:46  Viking x2, Widow Mine  
  80  6:47  SCV  
  80  6:50  SCV  
  80  6:54  Marine x2  
  75  6:57  Terran Infantry Armor Level 1, SCV  
  75  6:59  SCV, Marauder x2  
  71  7:03  SCV  
  71  7:06  Barracks Tech Lab  
  71  7:07  Barracks Reactor  
  70  7:11  Marine x2  
  70  7:13  SCV x2  
  74  7:16  SCV  
  74  7:17  Concussive Shells  
  74  7:19  Command Center  
  74  7:20  Marauder  
  77  7:25  SCV x2  
  77  7:27  Marauder  
  77  7:28  SCV, Marauder  
  77  7:29  Marine  
  85  7:33  Supply Depot  
  85  7:38  Supply Depot  
  85  7:43  Marine  
  85  7:44  SCV x3  
  89  7:47  Marine  
  89  7:48  Marauder, Marine  
  89  7:49  Marauder  
  93  7:55  Marauder  
  93  7:56  SCV x3  
  93  7:58  Medivac, Supply Depot  
  100  8:01  Marine  
  101  8:09  Medivac  
  101  8:10  SCV  
  96  8:17  SCV  
  93  8:23  Marine x3  
  93  8:24  Marauder x3  
  93  8:26  SCV x2  
  101  8:27  Armory  
  101  8:32  SCV  
  103  8:37  Orbital Command  
  103  8:38  SCV x2  
  104  8:45  SCV  
  105  8:48  Marine x2  
  105  8:49  Marauder x2, Marine x2  
  105  8:50  Marauder  
  105  8:53  SCV, Supply Depot  
  105  8:55  SCV  
  117  8:57  Medivac  
  117  9:02  SCV  
  120  9:03  SCV  
  120  9:05  SCV  
  120  9:07  SCV  
  120  9:08  Marine  
  124  9:12  Supply Depot  
  124  9:15  Marauder x2, Marine x3  
  131  9:18  SCV, Supply Depot  
  131  9:22  Terran Infantry Weapons Level 2, Terran Infantry Armor Level 2  
  131  9:23  SCV  
  132  9:26  Marauder, Marine  
  132  9:27  SCV  
  132  9:28  SCV  
  127  9:41  Marine x3  
  127  9:42  Marauder  
  127  9:43  SCV  
  128  9:48  SCV x2  
  128  9:49  Viking x2, Marine  
  128  9:50  Marine x2  
  133  9:59  Marine  
  117  10:00  Marine x2  
  117  10:02  SCV  
  113  10:12  Marine  
  113  10:13  Marine x3  
  108  10:16  SCV, Marine  
  108  10:18  SCV x2, Marine x2  
  105  10:22  SCV  
  105  10:28  SCV  
  101  10:30  SCV x2, Marine x2  
  101  10:31  Marine  
  101  10:34  SCV  
  99  10:39  Marine x4  
  99  10:40  SCV  
  99  10:42  SCV  
  98  10:47  Medivac x2  
  97  10:50  SCV x2  
  97  10:54  Marine x3  
  97  10:57  Marauder, Marine  
  102  11:00  Barracks  
  102  11:01  Barracks  
  102  11:02  Barracks  
  105  11:06  Marine x2  
  107  11:11  SCV, Marine  
  107  11:14  SCV x3, Marine  
  107  11:15  Missile Turret  
  107  11:16  Marauder  
  107  11:17  Marauder  
  117  11:18  Medivac  
  117  11:19  Medivac, Marauder  
  117  11:22  Supply Depot  
  117  11:23  SCV, Marine  
  117  11:24  Marine  
  126  11:28  Command Center  
  126  11:29  Marine  
  126  11:32  Marine  
  128  11:34  Missile Turret  
  128  11:36  Supply Depot x2  
  128  11:37  Marine  
  128  11:38  Marauder  
  128  11:39  Marine  
  131  11:41  Marine x2  
  131  11:46  SCV x4  
  138  11:48  Missile Turret  
  138  11:50  Barracks Tech Lab x2, Barracks Reactor  
  136  11:56  Marauder  
  136  11:58  Marauder, Marine x2  
  136  11:59  Marauder, Marine x2  
  146  12:06  Medivac x2  
  150  12:10  Marauder x2  
  150  12:11  Supply Depot  
  150  12:15  SCV x3  
  156  12:16  Refinery x2, SCV, Marine x2  
  156  12:17  Starport, Marauder, Marine x2  
  156  12:19  Starport  
  163  12:26  Fusion Core  
  163  12:27  Refinery  
  163  12:29  Marine  
  164  12:32  Marine x2  
  164  12:33  Marauder x3, Terran Infantry Weapons Level 3, Supply Depot  
  164  12:34  Marine  
  164  12:35  Supply Depot  
  164  12:36  Supply Depot  
  173  12:39  Marauder  
  173  12:43  Orbital Command  
  173  12:45  Missile Turret  
  173  12:49  Marine x2  
  173  12:51  Marauder, Marine x2  
  177  12:53  Medivac x2  
  177  12:54  Marauder x2  
  177  12:55  Starport Tech Lab  
  177  12:56  Starport Tech Lab  
  186  13:05  Barracks  
  186  13:08  Barracks  
  186  13:09  Barracks  
  184  13:16  Corvid Reactor  
  184  13:18  SCV x3  
  186  13:29  Rapid Reignition System  
  186  13:31  Command Center  
  183  13:42  Marauder, Marine  
  183  13:45  Marine x3  
  183  13:46  Marauder  
  183  13:47  Raven x2  
  183  13:48  Marine  
  187  13:50  SCV x4  
  187  13:55  SCV, Marine x2  
  177  13:56  Marauder  
  177  13:59  Marine, Barracks Reactor  
  177  14:00  Barracks Tech Lab, Marauder, Marine  
  177  14:02  SCV x3  
  181  14:06  Marauder, Marine x2  
  181  14:07  SCV  
  167  14:12  SCV  
  167  14:14  SCV x3  
  148  14:18  Marine  
  148  14:19  SCV  
  130  14:26  Marine x4  
  130  14:29  Marine x2  
  124  14:37  Marine  
  124  14:38  Marine  
  108  14:39  Marine x3  
  108  14:41  SCV x2  
  108  14:43  Marine  
  108  14:45  Marine  
  106  14:48  SCV x2  
  106  14:51  Marine  
  103  14:55  Marine x5  
  107  15:08  SCV x4  

Tags
 
Add a new tag
Caveats
  • Supply blocks, unpowered buildings, or Contaminate may cause inaccurate times.
  • Supply counts are checked every 10 seconds.